 Dungeon Crawl Stone Soup version 0.25-a0-251-g572059c536 (webtiles) character file.

Game seed: 6628033811657994167, levelgen mode: classic

42676 Borgoz the Cleaver (level 14, -4/88 HPs)
             Began as a Gargoyle Gladiator on Dec 5, 2019.
             Was a Believer of Ashenzari.
             Slain by an ironheart preserver
             ... wielding a +0 morningstar of draining
              (5 damage)
             ... on level 14 of the Dungeon.
             The game lasted 00:45:46 (16736 turns).

Borgoz the Cleaver (Gargoyle Gladiator)            Turns: 16736, Time: 00:45:46

Health: -4/88      AC: 35    Str: 26    XL:     14   Next: 20%
Magic:  0/21       EV: 14    Int:  9    God:    Ashenzari [**....]
Gold:   656        SH:  0    Dex: 13    Spells: 19/23 levels left

rFire    . . .     SeeInvis .   F - +0 battleaxe
rCold    + . .     Gourm    .   (shield currently unavailable)
rNeg     + . .     Faith    .   E - +3 chain mail {rC+}
rPois    ∞         Spirit   +   J - +2 hat
rElec    +         Reflect  .   m - scarf {Spirit}
rCorr    .         Harm     .   j - +0 pair of gloves (curse)
MR       ++...     Rnd*Tele +   k - +1 pair of boots
Stlth    ..........             (no amulet)
HPRegen  0.24/turn              y - +4 ring of protection
MPRegen  0.17/turn              i - ring of protection from magic

@: mighty, flying
A: big wings, negative energy resistance 1, electricity resistance, teleportitis
1, unbreathing, petrification resistance, rot immunity, AC +10
a: Stop Flying, Curse Item, Scrying, Renounce Religion


You were on level 14 of the Dungeon.
You worshipped Ashenzari.
Ashenzari was pleased with you.
You were not hungry.

You visited 2 branches of the dungeon, and saw 15 of its levels.
You also visited: Sewer and Bailey.

You collected 928 gold pieces.
You spent 272 gold pieces at shops.

Inventory:

Hand Weapons
 a - a +1 war axe
 b - a +1 flail of draining
 F - a +0 battleaxe (weapon)
Missiles
 d - 4 throwing nets (quivered)
Armour
 h - +0 acid dragon scales
 j - a cursed +0 pair of gloves (worn)
 k - a +1 pair of boots (worn)
 m - a scarf of spirit shield (worn)
 p - a scarf of repulsion
 E - a +3 chain mail of cold resistance (worn)
 J - a +2 hat (worn)
 K - the +2 chain mail "Custoorph" {+Inv rPois Dex-3}
   (You found it on level 11 of the Dungeon)

   It affects your dexterity (-3).
   It protects you from poison.
   It lets you turn invisible.
 P - the cursed +0 ring mail of Lomiurgh {rPois rC+}
   (You found it on level 13 of the Dungeon)

   It protects you from cold.
   It protects you from poison.
   It has a curse placed upon it.
Jewellery
 i - a ring of protection from magic (right hand)
 o - an uncursed ring of protection from cold
 y - a +4 ring of protection (left hand)
 C - an uncursed ring of protection from cold
Wands
 e - a wand of random effects (29)
 u - a wand of acid (13)
 D - a wand of flame (46)
 L - a wand of enslavement (8)
 O - a wand of digging (10)
Scrolls
 l - a scroll of blinking
 n - a scroll of brand weapon
 w - 6 scrolls of teleportation
 x - 2 scrolls of fog
 z - 5 scrolls of remove curse
 H - 2 scrolls of enchant armour
 M - a scroll of fear
Potions
 c - a potion of agility
 g - 2 potions of mutation {unknown}
 r - 3 potions of brilliance
 s - a potion of haste
 t - a potion of resistance
 v - 4 potions of curing {unknown}
 B - 3 potions of invisibility {unknown}
 G - 3 potions of might
 I - 6 potions of magic
Comestibles
 f - 24 rations
 q - 21 chunks of flesh


   Skills:
 + Level 10.7 Fighting
 * Level 12.1 Axes
 - Level 1.7 Throwing
 + Level 10.3 Armour
 * Level 11.1 Dodging
 - Level 5.0 Spellcasting
 - Level 5.0 Hexes


You had 19 spell levels left.
You knew the following spells:

 Your Spells              Type           Power        Failure   Level  Hunger
a - Confusing Touch       Hex            ##....       14%         1    #......
b - Confuse               Hex            ##......     38%         3    ###....

Your spell library contained the following spells:

 Spells                   Type           Power        Failure   Level  Hunger
 Shock                    Conj/Air       #...         75%         1    #......
 Poisonous Vapours        Pois/Air       #.....       86%         2    ##.....
 Gell's Gravitas          Tloc           #.........   98%         3    ###....
 Mephitic Cloud           Conj/Pois/Air  #.......     98%         3    ###....
 Petrify                  Tmut/Erth      #.......     100%        4    #####..
 Metabolic Englaciation   Hex/Ice        #.........   100%        5    ######.
 Yara's Violent Unravell  Hex/Tmut       #.........   100%        5    ######.
 Freezing Cloud           Conj/Ice/Air   #.........   100%        6    #######
 Statue Form              Tmut/Erth      Unusable     N/A         6    N/A

Dungeon Overview and Level Annotations

Branches:
Dungeon (14/15)            Temple (1/1) D:5            Lair (0/6) D:9
    Orc (0/2) D:10          Sewer (visited)          Bailey (visited)
 Vaults: D:13-14

Altars:
Ashenzari
Cheibriados
Dithmenos
Elyvilon
Fedhas
Gozag
Hepliaklqana
Kikubaaqudgha
Makhleb
Nemelex Xobeh
Okawaru
Qazlal
Ru
Sif Muna
Trog
Uskayaw
Vehumet
Wu Jian
Xom
Yredelemnul
Zin
The Shining One

Shops:
D:5 (   D:6 :   D:12 *


Innate Abilities, Weirdness & Mutations

You are resistant to torment.
Your stone body is resilient. (AC +10)
You are immune to poison.
Your large and strong wings let you fly indefinitely.
You resist negative energy. (rN+)
You are resistant to electric shocks. (rElec)
You can survive without breathing.
You are immune to petrification.
You are immune to rotting.
You are occasionally teleported next to monsters.


Message History

The meliai barely misses you. The meliai stings you.
* * * LOW HITPOINT WARNING * * *
You barely miss the ironheart preserver.
The ironheart preserver is heavily wounded.
You hit the meliai. The meliai barely misses you.
The meliai stings you but does no damage.
The meliai hits you but does no damage. The meliai misses you.
The ironheart preserver hits you but does no damage.
Unknown command.
You slice the ironheart preserver!!
The ironheart preserver is severely wounded.
You miss the meliai. The meliai hits you but does no damage.
The meliai stings you but does no damage.
The meliai calls down the wrath of its god upon you.
Something smites you!
* * * LOW HITPOINT WARNING * * *
The meliai hits you but does no damage.
The meliai stings you but does no damage.
The ironheart preserver hits you with a +0 morningstar of draining.
You die...

.n.C{...# ##.####.##
,#''####.# #.# ### ,, #.
#.# #.# *, , ',, , #.#
##'## , *, #.###...## , ,
,#.##.....## * ,
#.#...[...## #
##..#######..........####
,
......yy@.((.........'...
, *
##..#.cp##.#.........####
, , *,##.l##.##.......##
# , ,* ##.##.###.....## #
* * * #.##.# ##.^.## # ,
..#..# ##'## , , * ###.##
#.# * ,. * #,# , * , ,


You could see an ironheart preserver, a centaur warrior, 2 meliai and an iguana.

Vanquished Creatures
  Nessos (D:12)
  Josephine (D:13)
  A hydra (D:11)
  Erica (D:8)
  A centaur warrior (D:13)
  3 two-headed ogres
  Urug (D:9)
  5 skeletal warriors (D:13)
  An unseen horror (D:13)
  3 ugly things (D:14)
  2 deep elf magi
  2 manticores
  3 cyclopes
  A centaur zombie (D:10)
  A guardian serpent (D:12)
  A kobold demonologist (D:13)
  A freezing wraith (D:11)
  A tengu conjurer (D:14)
  2 trolls
  A hornet (D:12)
  Prince Ribbit (D:6)
  14 slime creatures
  A meliai zombie (D:14)
  6 hippogriffs
  Sigmund (D:5)
  2 shadows
  6 wraiths
  29 yaks
  Grum (D:9)
  A soldier ant (D:14)
  An acid dragon (D:12)
  3 black bears
  An ice beast (D:14)
  6 orc warriors
  3 phantoms
  A necrophage (D:14)
  3 sky beasts
  2 hornet zombies
  4 ogres
  4 wolves (D:9)
  10 centaurs
  5 big kobolds
  A crocodile (Sewer)
  7 bullfrogs
  A wyvern zombie (D:13)
  4 scorpions
  12 killer bees
  10 wights
  5 howler monkeys
  10 crimson imps
  A quasit (D:12)
  4 bullfrog skeletons
  4 jellies
  8 hounds
  14 orc wizards
  A centaur skeleton (D:10)
  2 bullfrog zombies
  3 iguanas
  12 orc priests
  8 worker ants
  A hound zombie (D:5)
  2 hound skeletons
  2 worker ant zombies (D:10)
  16 gnolls
  2 howler monkey skeletons
  13 adders
  2 shadow imps
  An ooze (D:6)
  2 adder skeletons
  4 worms
  6 leopard geckos
  63 orcs
  A ball python (D:3)
  11 bats
  A giant cockroach (D:4)
  9 goblins
  17 hobgoblins
  14 jackals
  30 kobolds
  7 quokkas
  A frilled lizard (D:5)
  A jackal zombie (D:3)
  A leopard gecko zombie (D:7)
  9 rats
  A butterfly (D:8)
462 creatures vanquished.

Vanquished Creatures (others)
  A kobold (D:12)
1 creature vanquished.

Grand Total: 463 creatures vanquished

Notes
Turn   | Place    | Note
-------+----------+-------------------------------------------
     0 | D:1      | Borgoz the Gargoyle Gladiator began the quest for the Orb.
     0 | D:1      | Reached XP level 1. HP: 12/12 MP: 1/1
   419 | D:2      | Reached skill level 3 in Axes
   419 | D:2      | Reached XP level 2. HP: 18/18 MP: 2/2
   482 | D:2      | Reached skill level 1 in Armour
   482 | D:2      | Reached XP level 3. HP: 20/22 MP: 3/3
   582 | D:2      | Reached XP level 4. HP: 22/27 MP: 4/4
  1260 | D:2      | Reached XP level 5. HP: 32/32 MP: 5/5
  1280 | D:2      | Found a sparkling altar of Nemelex Xobeh.
  1717 | D:3      | Found a shadowy altar of Dithmenos.
  2660 | D:4      | Found a shattered altar of Ashenzari.
  2666 | D:4      | Became a worshipper of Ashenzari the Shackled
  2673 | D:4      | Reached skill level 4 in Axes
  2673 | D:4      | Reached XP level 6. HP: 35/37 MP: 6/6
  2754 | D:4      | Found a hazy altar of Hepliaklqana.
  2855 | D:4      | Found a glowing drain.
  2859 | Sewer    | Entered a sewer
  3155 | D:4      | Reached XP level 7. HP: 39/42 MP: 7/7
  3547 | D:5      | Entered Level 5 of the Dungeon
  3636 | D:5      | Noticed a +0 dagger
  3638 | D:5      | Noticed a +0 hand axe
  3650 | D:5      | Found a hide-covered altar of Uskayaw.
  3661 | D:5      | Noticed Sigmund
  3675 | D:5      | Reached skill level 5 in Axes
  3681 | D:5      | Killed Sigmund
  3681 | D:5      | Reached XP level 8. HP: 48/48 MP: 3/8
  3732 | D:5      | Found a staircase to the Ecumenical Temple.
  3758 | D:5      | Found Dozeraj's Antique Weapon Shoppe.
  3786 | Temple   | Entered the Ecumenical Temple
  3978 | D:5      | Reached skill level 5 in Dodging
  4122 | D:5      | Found a burning altar of Makhleb.
  4487 | D:6      | Found Omel's Book Emporium.
  4496 | D:6      | Reached skill level 6 in Axes
  4501 | D:6      | Reached skill level 5 in Fighting
  4531 | D:6      | Bought a book of Misfortune for 220 gold pieces
  4621 | D:6      | Learned a level 1 spell: Confusing Touch
  4625 | D:6      | Learned a level 3 spell: Confuse
  4632 | D:6      | Found a glowing golden altar of the Shining One.
  4712 | D:6      | Noticed a yak
  4715 | D:6      | Noticed a yak
  4716 | D:6      | Noticed a yak
  4717 | D:6      | Noticed a yak
  4721 | D:6      | Killed a yak
  4721 | D:6      | Reached XP level 9. HP: 37/54 MP: 5/9
  4737 | D:6      | Reached skill level 1 in Spellcasting
  4737 | D:6      | Reached skill level 1 in Hexes
  4964 | D:6      | Noticed Prince Ribbit
  4979 | D:6      | Killed Prince Ribbit
  5383 | D:7      | Reached * piety under Ashenzari
  5419 | D:7      | Reached skill level 7 in Axes
  5419 | D:7      | Reached skill level 5 in Armour
  5712 | D:7      | Found a radiant altar of Vehumet.
  6229 | D:8      | Found a shimmering altar of Xom.
  6301 | D:8      | Found a flagged portal.
  6317 | Bailey   | Entered a bailey
  6776 | D:8      | Found an iron altar of Okawaru.
  6817 | D:8      | Reached XP level 10. HP: 60/60 MP: 13/13
  7010 | D:8      | Reached ** piety under Ashenzari
  7479 | D:8      | Noticed Erica
  7490 | D:8      | Killed Erica
  7544 | D:9      | Identified the Collected Works on Feathery Clay
  7564 | D:9      | Reached skill level 8 in Axes
  7786 | D:9      | Noticed Grum
  7812 | D:10     | Entered Level 10 of the Dungeon
  7813 | D:10     | Noticed Urug
  7825 | D:9      | Killed Grum
  8113 | D:9      | Found a radiant altar of Vehumet.
  8176 | D:9      | Noticed a manticore
  8196 | D:9      | Killed a manticore
  8503 | D:9      | Noticed a two-headed ogre
  8515 | D:9      | Killed a two-headed ogre
  8515 | D:9      | Reached XP level 11. HP: 49/67 MP: 12/16
  8931 | D:9      | Found a staircase to the Lair.
  9168 | D:9      | Reached skill level 9 in Axes
  9602 | D:9      | Killed Urug
 10446 | D:10     | Found a staircase to the Orcish Mines.
 10682 | D:11     | Noticed a six-headed hydra
 10779 | D:12     | Noticed a cyclops
 10803 | D:12     | Killed a cyclops
 10846 | D:12     | Noticed a deep elf mage
 10862 | D:12     | Gained mutation: You are occasionally teleported next to
                  | monsters. [a neqoxec]
 10867 | D:13     | Noticed Josephine
 10886 | D:13     | Noticed a skeletal warrior
 10886 | D:13     | Noticed a skeletal warrior
 10886 | D:13     | Noticed a skeletal warrior
 10886 | D:13     | Noticed a skeletal warrior
 10886 | D:13     | Noticed a skeletal warrior
 10891 | D:13     | Noticed a cyclops
 11355 | D:11     | Noticed a manticore
 11365 | D:11     | Killed a manticore
 11489 | D:11     | Reached XP level 12. HP: 43/73 MP: 11/19
 11708 | D:11     | Reached skill level 10 in Axes
 11708 | D:11     | Reached XP level 13. HP: 39/80 MP: 13/20
 11907 | D:11     | Reached skill level 5 in Hexes
 12000 | D:11     | Reached skill level 5 in Spellcasting
 12147 | D:11     | Got the uncursed chain mail "Custoorph" {+Inv rPois Dex-3}
 12158 | D:11     | Identified the +2 chain mail "Custoorph" {+Inv rPois Dex-3}
                  | (You found it on level 11 of the Dungeon)
 12989 | D:12     | Found Jacipe's Assorted Antiques.
 13005 | D:12     | Bought a scroll of identify for 52 gold pieces
 13139 | D:12     | Reached skill level 10 in Dodging
 13615 | D:11     | Reached skill level 11 in Axes
 14055 | D:13     | Noticed Nessos
 14613 | D:13     | Reached skill level 10 in Fighting
 14689 | D:13     | HP: 3/82 [very large slime creature (33)]
 14754 | D:12     | Killed Nessos
 15389 | D:13     | Killed Josephine
 15502 | D:13     | Reached skill level 10 in Armour
 15711 | D:13     | Got the cursed ring mail of Lomiurgh {rPois rC+}
 15909 | D:13     | Gained mutation: Your large and strong wings let you fly
                  | indefinitely. [Gargoyle growth]
 15909 | D:13     | Reached XP level 14. HP: 76/88 MP: 17/21
 16482 | D:14     | Reached skill level 12 in Axes
 16721 | D:14     | Noticed an ironheart preserver
 16730 | D:14     | HP: 1/88 [meliai/divine providence (6)]
 16736 | D:14     | HP: 1/88 [meliai/divine providence (6)]
 16736 | D:14     | Slain by an ironheart preserver

Levels and vault maps discovered:
D:1:      saegor_arrival_simple_a, layout_rooms, serial_forest,
          infiniplex_forest_clump_small, infiniplex_forest_lined_corner,
          infiniplex_forest_straight_2, infiniplex_forest_corner_2,
          infiniplex_forest_corner_1, infiniplex_forest_clump_tiny,
          infiniplex_forest_end_double, infiniplex_forest_zigzag_2
D:2:      layout_loops_corners, nemelex_xobeh_ov_fountains_minmay
D:3:      layout_basic, serial_co_window_serial, co_window_corner_a,
          co_window_corner_a, co_window_paths_a, co_window_paths_a,
          co_window_paths_a, co_window_corner_a, co_window_paths_b,
          co_window_corner_ca, co_window_unsneaky_path_b, co_window_cross_3,
          co_window_broadway_c, co_window_corner_ca, co_window_paths_d,
          co_window_paths_e, glass_columns_a, glass_columns_a, glass_columns_a,
          glass_columns_c, grunt_dithmenos_smoke_and_mirrors
D:4:      layout_gridville, lemuel_crystal_altar, evilmike_ruin_ashenzari,
          gup_sewer_entry_bowl, first_ration, kennysheep_generic_room_16
D:5:      layout_loops_ring, dancing_weapons_uskayaw, overflow_temple_1_default,
          minmay_temple_entry_slanted, serial_shops,
          nicolae_shop_overgrown_old_shop, minmay_between, uniq_sigmund
D:6:      layout_basic, tso_metal_star, serial_shops, nicolae_shop_statue_plus,
          uniq_prince_ribbit1
D:7:      layout_gridville, basic_altar
D:8:      layout_basic, lemuel_crystal_altar, xom_butterflies, enter_bailey_3,
          blue_anna_alchemist [blue_anna_fruit_fields, blue_anna_fruit_fields],
          uniq_erica
D:9:      layout_loops_corners, lemuel_round_altar, lair_entry_dummy, uniq_grum
D:10:     layout_cave_pools, orc_0_dummy, special_room [special_room_orc],
          minivault_4, uniq_urug
D:11:     layout_basic
D:12:     layout_cave_pools, serial_shops,
          nicolae_shop_temple_entry_statues_fountains, serial_column_ruins,
          column_ruins_hut_ruined, column_ruins_columns_straight,
          column_ruins_columns_straight, column_ruins_columns_corner,
          column_ruins_corridor_corner, column_ruins_columns_corner,
          nrook_guardian_serpent_double
D:13:     layout_basic, serial_rivers, chequers_serial_rivers_micro_e,
          chequers_serial_rivers_room_b, chequers_serial_rivers_large_a,
          chequers_serial_rivers_micro_a, chequers_serial_rivers_small_b,
          uniq_nessos, uniq_josephine
D:14:     layout_loops_corners, skrybe_vaults_entry_preservation, serial_shops,
          kennysheep_mini_moat, minmay_misc_feat_alley, corexii_checkpoint_b
Temple:   nicolae_temple_hex_pool

Skill      XL: |  1  2  3  4  5  6  7  8  9 10 11 12 13 14 |
---------------+-------------------------------------------+-----
Axes           | 3 4 5 6 7 8 9 10 11 12 | 12.1
Armour         | 1 2 3 4 5 6 7 8 10 | 10.3
Dodging        | 3 4 5 6 7 8 9 10 11 | 11.1
Fighting       | 3 4 5 6 7 8 9 10 | 10.7
Spellcasting   | 2 3 4 5 |  5.0
Hexes          | 2 3 4 5 |  5.0
Throwing       | |  1.7

Action                   |  1- 3 |  4- 6 |  7- 9 | 10-12 | 13-15 || total
-------------------------+-------+-------+-------+-------+-------++-------
Melee: War axe           |    58 |   169 |   421 |   739 |   538 ||  1925
       Battleaxe         |       |       |       |       |   297 ||   297
Throw: Throwing net      |       |       |     1 |     1 |     3 ||     5
 Cast: Confusing Touch   |       |       |       |     1 |     1 ||     2
 Abil: Fly               |       |       |       |       |     1 ||     1
Evoke: Wand              |       |       |       |     2 |    27 ||    29
  Use: Scroll            |     2 |     7 |     3 |     7 |     4 ||    23
       Potion            |       |     1 |     4 |     9 |     6 ||    20
 Stab: Sleeping          |       |       |       |     1 |       ||     1
  Eat: Chunk             |       |     7 |    13 |    14 |     8 ||    42
       Ration            |       |       |       |     1 |     3 ||     4
Armor: Leather armour    |    52 |    54 |   196 |   240 |       ||   542
       Chain mail        |       |       |       |   241 |   695 ||   936
       Acid dragon scale |       |       |       |    72 |    15 ||    87
Dodge: Dodged            |    78 |   136 |   410 |   749 |   674 ||  2047

Table legend:
 A = Non-vault XP
 B = Vault XP
 C = Vault XP percentage of total XP
 D = Non-vault monster count
 E = Vault monster count
 F = Vault count percentage of total count
                 A         B        C        D         E       F
            +---------+---------+-------+---------+---------+-------
      Total |   38748 |    8366 |  17.8 |     372 |      89 |  19.3
            +---------+---------+-------+---------+---------+-------
        D:1 |       7 |       0 |   0.0 |       4 |       0 |   0.0
        D:2 |     196 |       0 |   0.0 |      28 |       0 |   0.0
        D:3 |      33 |       0 |   0.0 |      20 |       0 |   0.0
        D:4 |     307 |     179 |  36.8 |      10 |       7 |  41.2
        D:5 |     548 |     256 |  31.8 |      23 |       3 |  11.5
        D:6 |    1344 |     264 |  16.4 |      17 |       1 |   5.6
        D:7 |     672 |       0 |   0.0 |      21 |       0 |   0.0
        D:8 |     988 |    1042 |  51.3 |      19 |       6 |  24.0
        D:9 |    5298 |    1506 |  22.1 |      46 |       6 |  11.5
       D:10 |    2525 |     213 |   7.8 |      24 |      15 |  38.5
       D:11 |    6831 |       0 |   0.0 |      55 |       0 |   0.0
       D:12 |    5100 |    1799 |  26.1 |      40 |       2 |   4.8
       D:13 |    9273 |    2083 |  18.3 |      38 |       6 |  13.6
       D:14 |    5626 |     569 |   9.2 |      27 |       3 |  10.0
      Sewer |       0 |     107 | 100.0 |       0 |       6 | 100.0
     Bailey |       0 |     348 | 100.0 |       0 |      34 | 100.0
            +---------+---------+-------+---------+---------+-------
